General information
- name: BNet
- type: Ladder team game (AT/RT)
- host: Battle.net
- saver: TwoMagicians
map: TwilightRuins
- players: 8
- length: 34:50
- speed: Fast
- version: 1.26 W3XP
- replay type: Public
» download(211 KB)
Players
team 1 (winner)
thyroid-storm (
orange | 63 APM | 1151 actions | 18:10)
4 Priestess of the Moon
2 Trueshot Aura
2 Searing Arrows
2 Keeper of the Grove
1 Entangling Roots
1 Thorns Aura
1 Naga Sea Witch
1 Frost Arrows
» actions
| Assign group hotkey | 11 | |
| Basic commands | 89 | |
| Build / train | 56 | |
| ESC pressed | 15 | |
| Enter build submenu | 13 | |
| Enter hero's abilities submenu | 7 | |
| Give item / drop item | 2 | |
| Right click | 358 | |
| Select / deselect | 209 | |
| Select group hotkey | 317 | |
| Use ability | 74 | |
1151 total
» units
» upgrades
| Ultravision | 1 | |
| Improved Bows | 1 | |
| Strength of the Wild | 2 | |
| Reinforced Hides | 2 | |
6 total
» buildings
| Moon Well | 5 | |
| Altar of Elders | 1 | |
| Ancient of War | 1 | |
| Ancient of Wonders | 1 | |
| Tree of Ages | 1 | |
| Hunter's Hall | 1 | |
| Ancient of Wind | 2 | |
| Tree of Eternity | 1 | |
| Tree of Life | 2 | |
15 total
» build order
00:14 Moon Well
00:19 Altar of Elders
00:33 Ancient of War
01:26 Moon Well
02:24 Ancient of Wonders
03:29 Tree of Ages
03:49 Hunter's Hall
04:23 Moon Well
05:42 Moon Well
06:28 Ancient of Wind
06:52 Ancient of Wind
07:10 Tree of Eternity
07:38 Moon Well
08:48 Tree of Life
13:16 Tree of Life
» items
| Staff of Preservation | 2 | |
| Scroll of Town Portal | 4 | |
| Potion of Healing | 1 | |
| Potion of Lesser Invulnerability | 1 | |
| Dust of Appearance | 1 | |
9 total

»
Sparks (
green | 51 APM | 915 actions | 18:05)
5 Death Knight
3 Unholy Aura
2 Death Coil
2 Naga Sea Witch
1 Forked Lightning
1 Frost Arrows
1 Lich
1 Frost Nova
» actions
| Basic commands | 7 | |
| Build / train | 49 | |
| Enter build submenu | 22 | |
| Enter hero's abilities submenu | 8 | |
| Give item / drop item | 2 | |
| Right click | 506 | |
| Select / deselect | 275 | |
| Use ability | 46 | |
915 total
» units
| Acolyte | 8 | |
| Ghoul | 6 | |
| Crypt Fiend | 7 | |
| Frost Wyrm | 1 | |
22 total
» upgrades
| Creature Attack | 2 | |
| Creature Carapace | 2 | |
| Burrow | 1 | |
| Web | 1 | |
| Freezing Breath | 1 | |
7 total
» buildings
| Altar of Darkness | 1 | |
| Ziggurat | 10 | |
| Crypt | 2 | |
| Graveyard | 1 | |
| Necropolis | 1 | |
| Halls of the Dead | 1 | |
| Black Citadel | 1 | |
| Sacrificial Pit | 1 | |
| Spirit Tower | 4 | |
| Nerubian Tower | 1 | |
| Boneyard | 2 | |
25 total
» build order
00:09 Altar of Darkness
00:10 Ziggurat
00:51 Crypt
01:00 Crypt
01:31 Ziggurat
02:45 Graveyard
02:51 Ziggurat
03:06 Ziggurat
05:58 Necropolis
07:33 Halls of the Dead
08:46 Ziggurat
08:47 Ziggurat
08:49 Ziggurat
08:51 Ziggurat
10:00 Black Citadel
10:55 Sacrificial Pit
11:15 Spirit Tower
11:25 Nerubian Tower
11:27 Spirit Tower
12:46 Boneyard
12:50 Boneyard
15:00 Ziggurat
15:01 Ziggurat
16:08 Spirit Tower
16:38 Spirit Tower
» items
| Ring of Regeneration | 1 | |
| Scroll of Town Portal | 1 | |
2 total
TwoMagicians (
blue | 98 APM | 3416 actions | 34:50)
9 Blood Mage
3 Flame Strike
3 Siphon Mana
1 Summon Phoenix
2 Banish
» actions
| Assign group hotkey | 218 | |
| Basic commands | 109 | |
| Build / train | 243 | |
| ESC pressed | 7 | |
| Enter build submenu | 80 | |
| Enter hero's abilities submenu | 9 | |
| Give item / drop item | 11 | |
| Remove unit from queue | 1 | |
| Right click | 1091 | |
| Select / deselect | 424 | |
| Select group hotkey | 902 | |
| Use ability | 321 | |
3416 total
» units
| Peasant | 13 | |
| Footman | 5 | |
| Goblin Shredder | 1 | |
| Gryphon Rider | 9 | |
| Sorceress | 1 | |
| Goblin Sapper | 5 | |
| Goblin Zeppelin | 3 | |
37 total
» upgrades
| Backpack | 1 | |
| Masonry | 3 | |
| Lumber Harvesting | 1 | |
| Swords | 3 | |
| Armor | 3 | |
| Animal War Training | 1 | |
| Storm Hammers | 1 | |
| Sorceress Training | 2 | |
| Magic Sentry | 1 | |
| Cloud | 1 | |
17 total
» buildings
| Altar of Kings | 1 | |
| Barracks | 1 | |
| Farm | 9 | |
| Arcane Vault | 1 | |
| Town Hall | 3 | |
| Scout Tower | 49 | |
| Keep | 2 | |
| Lumber Mill | 1 | |
| Guard Tower | 92 | |
| Arcane Tower | 8 | |
| Blacksmith | 2 | |
| Gryphon Aviary | 4 | |
| Castle | 5 | |
| Arcane Sanctum | 1 | |
179 total
» build order
00:54 Altar of Kings
00:57 Barracks
00:58 Farm
01:06 Farm
01:39 Farm
01:40 Farm
02:20 Arcane Vault
02:43 Farm
04:00 Town Hall
05:12 Scout Tower
05:13 Scout Tower
05:16 Keep
05:16 Keep
05:25 Scout Tower
05:29 Scout Tower
05:53 Lumber Mill
06:01 Scout Tower
06:03 Scout Tower
06:09 Scout Tower
06:13 Scout Tower
06:17 Scout Tower
06:19 Scout Tower
07:03 Guard Tower
07:03 Guard Tower
07:04 Guard Tower
07:04 Guard Tower
07:04 Guard Tower
07:05 Guard Tower
07:05 Guard Tower
07:05 Guard Tower
07:07 Arcane Tower
07:07 Guard Tower
07:08 Guard Tower
07:08 Guard Tower
07:08 Guard Tower
07:08 Guard Tower
07:09 Guard Tower
07:09 Guard Tower
07:13 Blacksmith
07:29 Scout Tower
07:31 Scout Tower
07:33 Scout Tower
07:34 Scout Tower
07:38 Scout Tower
07:49 Gryphon Aviary
07:52 Gryphon Aviary
08:00 Guard Tower
08:01 Guard Tower
08:01 Guard Tower
08:13 Guard Tower
08:13 Guard Tower
08:38 Castle
08:39 Castle
08:39 Castle
08:44 Scout Tower
08:44 Scout Tower
08:46 Scout Tower
09:25 Guard Tower
09:25 Guard Tower
09:26 Guard Tower
10:52 Scout Tower
10:57 Scout Tower
10:59 Scout Tower
11:26 Arcane Sanctum
11:28 Guard Tower
11:28 Guard Tower
11:28 Guard Tower
11:33 Guard Tower
11:34 Guard Tower
11:34 Guard Tower
11:34 Guard Tower
12:35 Scout Tower
12:37 Scout Tower
12:38 Scout Tower
12:52 Farm
13:05 Guard Tower
13:07 Guard Tower
13:07 Guard Tower
13:08 Guard Tower
13:09 Guard Tower
13:09 Guard Tower
13:09 Guard Tower
14:15 Scout Tower
14:15 Scout Tower
14:16 Scout Tower
14:59 Guard Tower
15:00 Guard Tower
15:00 Guard Tower
15:00 Guard Tower
15:07 Gryphon Aviary
15:12 Gryphon Aviary
15:17 Farm
15:18 Farm
15:21 Farm
18:18 Scout Tower
18:18 Scout Tower
18:18 Scout Tower
18:20 Scout Tower
18:21 Scout Tower
18:25 Scout Tower
18:26 Scout Tower
18:26 Scout Tower
19:05 Guard Tower
19:05 Guard Tower
19:22 Guard Tower
19:22 Guard Tower
19:22 Guard Tower
20:43 Scout Tower
20:44 Scout Tower
20:45 Scout Tower
20:47 Scout Tower
20:49 Scout Tower
21:29 Guard Tower
21:29 Guard Tower
24:27 Scout Tower
24:28 Scout Tower
24:30 Scout Tower
25:05 Guard Tower
25:06 Guard Tower
25:11 Guard Tower
25:11 Guard Tower
25:14 Guard Tower
25:15 Guard Tower
25:15 Guard Tower
25:15 Guard Tower
25:18 Blacksmith
27:41 Town Hall
27:42 Scout Tower
27:44 Scout Tower
27:45 Scout Tower
27:46 Scout Tower
27:48 Town Hall
27:51 Scout Tower
28:26 Scout Tower
28:51 Guard Tower
28:51 Guard Tower
28:53 Arcane Tower
28:54 Arcane Tower
28:54 Arcane Tower
28:54 Guard Tower
28:55 Guard Tower
» items
| Scroll of Regeneration | 12 | |
| Mechanical Critter | 2 | |
| Mantle of Intelligence +3 | 1 | |
| Lesser Clarity Potion | 6 | |
| Boots of Speed | 1 | |
| Periapt of Vitality | 2 | |
| Staff of Teleportation | 1 | |
| Potion of Invisibility | 3 | |
| Pendant of Energy | 1 | |
| Potion of Healing | 6 | |
| Scroll of Town Portal | 4 | |
| Potion of Mana | 2 | |
41 total
BetterCallSaul (
yellow | 33 APM | 608 actions | 18:10)
4 Demon Hunter
2 Immolation
2 Evasion
1 Priestess of the Moon
1 Trueshot Aura
» actions
| Build / train | 57 | |
| Enter build submenu | 20 | |
| Enter hero's abilities submenu | 5 | |
| Right click | 333 | |
| Select / deselect | 156 | |
| Use ability | 37 | |
608 total
» units
| Wisp | 24 | |
| Archer | 11 | |
| Druid of the Talon | 3 | |
| Chimaera | 3 | |
| Faerie Dragon | 3 | |
44 total
» upgrades
| Druid of the Talon Training | 1 | |
| Reinforced Hides | 1 | |
| Strength of the Wild | 1 | |
3 total
» buildings
| Moon Well | 6 | |
| Altar of Elders | 2 | |
| Ancient of War | 1 | |
| Tree of Ages | 1 | |
| Tree of Life | 2 | |
| Hunter's Hall | 1 | |
| Tree of Eternity | 1 | |
| Ancient of Wind | 1 | |
| Ancient of Wonders | 1 | |
| Ancient Protector | 5 | |
| Chimaera Roost | 2 | |
23 total
» build order
00:15 Moon Well
00:19 Altar of Elders
00:31 Ancient of War
02:00 Moon Well
02:57 Moon Well
04:08 Tree of Ages
04:47 Tree of Life
05:46 Hunter's Hall
07:01 Tree of Eternity
07:09 Ancient of Wind
07:24 Ancient of Wonders
09:22 Ancient Protector
09:25 Ancient Protector
10:50 Chimaera Roost
10:52 Chimaera Roost
11:22 Moon Well
11:42 Ancient Protector
11:43 Ancient Protector
11:49 Ancient Protector
13:25 Moon Well
14:27 Tree of Life
17:49 Altar of Elders
17:52 Moon Well
» items
team 2 (loser)

»
Blade-own (
teal | 56 APM | 1681 actions | 30:01)
6 Dark Ranger
3 Black Arrow
2 Life Drain
1 Charm
2 Death Knight
1 Death Coil
1 Unholy Aura
» actions
| Assign group hotkey | 34 | |
| Basic commands | 17 | |
| Build / train | 74 | |
| Enter build submenu | 22 | |
| Enter hero's abilities submenu | 9 | |
| Remove unit from queue | 1 | |
| Right click | 670 | |
| Select / deselect | 506 | |
| Select group hotkey | 284 | |
| Use ability | 64 | |
1681 total
» units
| Acolyte | 24 | |
| Ghoul | 4 | |
| Crypt Fiend | 16 | |
44 total
» upgrades
| Creature Attack | 2 | |
| Creature Carapace | 1 | |
| Web | 1 | |
| Burrow | 1 | |
5 total
» buildings
| Crypt | 2 | |
| Altar of Darkness | 1 | |
| Ziggurat | 9 | |
| Graveyard | 1 | |
| Halls of the Dead | 1 | |
| Tomb of Relics | 1 | |
| Nerubian Tower | 2 | |
| Spirit Tower | 4 | |
| Black Citadel | 1 | |
| Sacrificial Pit | 2 | |
| Farm | 1 | |
25 total
» build order
00:15 Crypt
00:54 Altar of Darkness
00:57 Ziggurat
00:59 Ziggurat
01:30 Graveyard
02:30 Ziggurat
03:23 Ziggurat
06:49 Halls of the Dead
06:55 Crypt
07:01 Ziggurat
07:07 Ziggurat
07:47 Ziggurat
07:48 Ziggurat
07:53 Tomb of Relics
07:55 Nerubian Tower
08:33 Spirit Tower
08:43 Spirit Tower
08:44 Nerubian Tower
08:46 Ziggurat
09:31 Black Citadel
10:47 Spirit Tower
13:26 Sacrificial Pit
14:17 Spirit Tower
16:37 Sacrificial Pit
27:52 Farm
» items
| Scroll of Town Portal | 3 | |
| Scroll of Regeneration | 1 | |
4 total

»
DottieSandusky (
purple | 61 APM | 2125 actions | 34:50)
5 Keeper of the Grove
2 Entangling Roots
3 Thorns Aura
3 Priestess of the Moon
1 Scout
2 Trueshot Aura
2 Warden
1 Fan of Knives
1 Blink
» actions
| Assign group hotkey | 24 | |
| Basic commands | 1 | |
| Build / train | 91 | |
| Enter build submenu | 18 | |
| Enter hero's abilities submenu | 10 | |
| Give item / drop item | 1 | |
| Right click | 684 | |
| Select / deselect | 291 | |
| Select group hotkey | 875 | |
| Use ability | 130 | |
2125 total
» units
| Wisp | 20 | |
| Archer | 17 | |
| Goblin Shredder | 1 | |
38 total
» upgrades
| Strength of the Moon | 3 | |
| Moon Armor | 3 | |
| Improved Bows | 1 | |
| Ultravision | 1 | |
| Marksmanship | 1 | |
| Well Spring | 1 | |
10 total
» buildings
| Moon Well | 8 | |
| Altar of Elders | 1 | |
| Ancient of War | 2 | |
| Ancient of Wonders | 1 | |
| Tree of Life | 4 | |
| Tree of Ages | 1 | |
| Hunter's Hall | 1 | |
| Tree of Eternity | 1 | |
| Ancient Protector | 4 | |
| Ancient of Wind | 3 | |
26 total
» build order
00:23 Moon Well
00:49 Altar of Elders
01:04 Ancient of War
01:42 Moon Well
01:59 Ancient of War
02:23 Moon Well
02:41 Ancient of Wonders
04:21 Tree of Life
04:38 Tree of Ages
05:38 Hunter's Hall
05:48 Moon Well
07:13 Tree of Eternity
07:40 Ancient Protector
07:41 Ancient Protector
07:43 Ancient Protector
07:49 Ancient Protector
08:54 Moon Well
19:34 Tree of Life
20:00 Moon Well
20:00 Moon Well
20:01 Moon Well
21:33 Ancient of Wind
21:33 Ancient of Wind
21:34 Ancient of Wind
23:57 Tree of Life
24:46 Tree of Life
» items
| Potion of Healing | 5 | |
| Orb of Venom | 2 | |
| Moonstone | 1 | |
| Scroll of Town Portal | 4 | |
| Potion of Lesser Invulnerability | 4 | |
| Scroll of Healing | 6 | |
| Potion of Mana | 1 | |
| Scroll of Regeneration | 1 | |
| Scroll of Protection | 1 | |
25 total
ElBandito (
red | 49 APM | 1705 actions | 34:50)
6 Blademaster
3 Wind Walk
2 Critical Strike
1 Bladestorm
» actions
| Assign group hotkey | 75 | |
| Basic commands | 185 | |
| Build / train | 69 | |
| Enter build submenu | 40 | |
| Enter hero's abilities submenu | 6 | |
| Give item / drop item | 7 | |
| Remove unit from queue | 1 | |
| Right click | 734 | |
| Select / deselect | 254 | |
| Select group hotkey | 213 | |
| Use ability | 121 | |
1705 total
» units
| Peon | 8 | |
| Grunt | 4 | |
| Goblin Shredder | 1 | |
| Goblin Sapper | 14 | |
| Wind Rider | 11 | |
38 total
» upgrades
| Ranged Weapons | 3 | |
| Armor | 3 | |
| Reinforced Defenses | 1 | |
| Envenomed Spears | 1 | |
| Liquid Fire | 1 | |
9 total
» buildings
| Orc Burrow | 6 | |
| Altar of Storms | 1 | |
| Barracks | 1 | |
| Voodoo Lounge | 1 | |
| Stronghold | 1 | |
| Great Hall | 1 | |
| War Mill | 2 | |
| Fortress | 1 | |
| Watch Tower | 27 | |
| Beastiary | 5 | |
46 total
» build order
00:21 Orc Burrow
00:58 Altar of Storms
00:59 Barracks
01:06 Orc Burrow
01:53 Voodoo Lounge
02:48 Stronghold
03:45 Orc Burrow
04:36 Great Hall
05:22 War Mill
06:33 Fortress
06:36 Watch Tower
06:37 Watch Tower
06:39 Watch Tower
06:40 Watch Tower
07:31 Beastiary
07:32 Beastiary
07:33 Beastiary
07:35 Beastiary
07:35 Beastiary
08:08 War Mill
09:29 Watch Tower
09:30 Watch Tower
09:30 Watch Tower
15:43 Watch Tower
15:44 Watch Tower
15:44 Watch Tower
15:44 Watch Tower
15:52 Watch Tower
15:52 Watch Tower
15:53 Watch Tower
15:54 Watch Tower
15:55 Watch Tower
15:55 Watch Tower
15:56 Watch Tower
15:58 Watch Tower
15:58 Watch Tower
17:23 Watch Tower
17:23 Watch Tower
17:24 Watch Tower
17:24 Watch Tower
17:25 Watch Tower
17:26 Watch Tower
20:10 Orc Burrow
20:12 Orc Burrow
20:14 Orc Burrow
» items
| Healing Salve | 4 | |
| Orb of Lightning | 1 | |
| Mechanical Critter | 4 | |
| Periapt of Vitality | 1 | |
| Staff of Teleportation | 1 | |
| Scroll of Town Portal | 1 | |
12 total
Human. (
pink | 53 APM | 1396 actions | 26:06)
6 Archmage
3 Blizzard
2 Brilliance Aura
1 Mass Teleport
5 Blood Mage
3 Flame Strike
1 Banish
1 Siphon Mana
» actions
| Basic commands | 6 | |
| Build / train | 107 | |
| Enter build submenu | 30 | |
| Enter hero's abilities submenu | 11 | |
| Give item / drop item | 3 | |
| Remove unit from queue | 1 | |
| Right click | 696 | |
| Select / deselect | 402 | |
| Use ability | 139 | |
1396 total
» units
| Peasant | 20 | |
| Footman | 6 | |
| Mortar Team | 11 | |
| Flying Machine | 17 | |
54 total
» upgrades
| Lumber Harvesting | 2 | |
| Gunpowder | 3 | |
| Armor | 1 | |
| Flare | 1 | |
| Fragmentation Shards | 1 | |
| Masonry | 1 | |
| Flak Cannons | 1 | |
| Flying Machine Bombs | 1 | |
| Plating | 2 | |
13 total
» buildings
| Altar of Kings | 2 | |
| Farm | 29 | |
| Barracks | 1 | |
| Lumber Mill | 2 | |
| Scout Tower | 4 | |
| Arcane Tower | 3 | |
| Keep | 1 | |
| Town Hall | 4 | |
| Arcane Vault | 3 | |
| Guard Tower | 1 | |
| Blacksmith | 1 | |
| Workshop | 3 | |
| Castle | 1 | |
55 total
» build order
00:08 Altar of Kings
00:23 Farm
00:25 Farm
00:52 Barracks
01:21 Lumber Mill
01:32 Farm
01:55 Scout Tower
02:04 Farm
02:30 Arcane Tower
02:31 Arcane Tower
03:58 Keep
04:22 Town Hall
04:24 Scout Tower
04:25 Scout Tower
04:28 Scout Tower
04:47 Arcane Vault
04:56 Arcane Tower
05:08 Guard Tower
05:50 Blacksmith
06:03 Farm
06:04 Farm
06:04 Farm
06:06 Farm
06:35 Workshop
06:38 Workshop
07:21 Castle
07:57 Arcane Vault
08:59 Farm
08:59 Farm
09:00 Farm
09:49 Workshop
09:54 Lumber Mill
13:12 Arcane Vault
13:15 Farm
13:16 Farm
13:17 Farm
21:21 Town Hall
21:52 Farm
21:53 Farm
21:53 Farm
21:54 Farm
21:54 Farm
21:54 Farm
21:55 Farm
21:55 Farm
21:56 Farm
21:57 Farm
21:57 Farm
21:58 Farm
21:58 Farm
21:58 Farm
25:34 Town Hall
25:41 Town Hall
25:53 Altar of Kings
25:58 Farm
» items
| Scroll of Regeneration | 7 | |
| Periapt of Vitality | 2 | |
| Potion of Lesser Invulnerability | 2 | |
| Boots of Speed | 2 | |
| Potion of Healing | 4 | |
| Scroll of Town Portal | 4 | |
21 total
Chat log
(10:28 / Allies) thyroid-storm: out
(14:57 / Allies) BetterCallSaul: meet and hit?
(15:51 / All) TwoMagicians: Teal can barely defend against 1 hero
(15:52 / Allies) BetterCallSaul: no help guys?
(15:55 / Allies) BetterCallSaul: thanks
(16:35 / Allies) thyroid-storm: sorry didn't they they got that far
(17:01 / Allies) Sparks: gold for tp
(19:12 / All) TwoMagicians: YOu can leave teal
(19:24 / All) Blade-own: meaby i will
(19:35 / All) TwoMagicians: you lost to basically 1 hero lol!
(24:06 / All) TwoMagicians: lol
(26:54 / All) TwoMagicians: fucking pro invis
(27:23 / All) TwoMagicians: saved bm at 17 hp
(27:42 / All) ElBandito: Run runner
(29:12 / All) TwoMagicians: From where you're kneeling it must look like an 18 karat turn of bad luck
(29:14 / All) TwoMagicians: But the truth is
(29:20 / All) ElBandito: the game was rigged from the start
(33:30 / All) ElBandito: Any pearls of wisdom you wish to impart on us as your defeat draws ever nearer?
(34:46 / All) ElBandito: No? Well then, I can say it's been a pleasure killing you. Bad luck in the future. Do not ever have fun.